 Dungeon Crawl Stone Soup version 0.20-a0-903-g7e3609c (webtiles) character file.

55 Patate the Sneak (level 3, -1/16 HPs)
             Began as a Spriggan Enchanter on Mar 20, 2017.
             Slain by a gnoll
             ... wielding a +0 halberd
              (2 damage)
             ... on level 2 of the Dungeon on Mar 21, 2017.
             The game lasted 00:05:14 (1621 turns).

Patate the Sneak (Spriggan Enchanter)               Turns: 1621, Time: 00:05:14

Health: -1/16      AC:  2    Str:  5    XL:     3   Next: 67%
Magic:  3/8        EV: 25    Int: 16    God:
Gold:   60         SH:  0    Dex: 21    Spells: 1/7 levels left

rFire    . . .     SeeInvis +   a - +1 dagger
rCold    . . .     Gourm    .   b - +0 robe
rNeg     . . .     Faith    .   (shield restricted)
rPois    .         Spirit   .   (helmet restricted)
rElec    .         Reflect  .   (no cloak)
rCorr    .         Harm     .   (gloves unavailable)
MR       .....                  (boots unavailable)
Stlth    +++++.....             (no amulet)
Regen    0.1/turn               (no ring)
MPRegen  0.2/turn               (no ring)

@: agile, very slightly contaminated, very quick
A: unfitting armour, see invisible, herbivore 3, speed 3, slow metabolism 2
a: no special abilities


You were on level 2 of the Dungeon.
You were not hungry.

You visited 1 branch of the dungeon, and saw 2 of its levels.

You collected 60 gold pieces.

Inventory:

Hand Weapons
 a - a +1 dagger (weapon)
Armour
 b - a +0 robe (worn)
Scrolls
 e - a scroll of noise {unknown}
 f - 3 scrolls of identify {unknown}
 i - a scroll of teleportation {unknown}
Books
 c - a book of Maledictions

   Spells                             Type                      Level
   a - Corona                         Hexes                        1
   b - Ensorcelled Hibernation        Hexes/Ice                    2
   c - Confuse                        Hexes                        3
   d - Tukima's Dance                 Hexes                        3
   e - Dazzling Spray                 Conjuration/Hexes            3
Comestibles
 d - a bread ration


   Skills:
 + Level 1.8 Short Blades
 + Level 4.0 Dodging
 * Level 6.1 Stealth
 - Level 2.6 Spellcasting
 - Level 3.6 Hexes


You had one spell level left.
You knew the following spells:

 Your Spells              Type           Power        Failure   Level  Hunger
a - Corona                Hex            ##.....      6%          1    #......
b - Ensorcelled Hibernat  Hex/Ice        #.....       17%         2    ##.....
c - Confuse               Hex            ##......     14%         3    ###....


Dungeon Overview and Level Annotations

Branches:
Dungeon (2/15)

Altars:
Yredelemnul
Zin
The Shining One


Innate Abilities, Weirdness & Mutations

You are very small and have problems with some larger weapons.
You are too small for most types of armour.
You have supernaturally acute eyesight. (SInv)
You are a herbivore.
You cover ground extremely quickly.
You need consume almost no food.


Message History

The gnoll hits you with a halberd!
Ouch! That really hurt!
* * * LOW HITPOINT WARNING * * *
Casting: Ensorcelled Hibernation
Confirm with . or Enter, or press ? or * to list all spells.
Aiming: Ensorcelled Hibernation
Press: ? - help, Shift-Dir - straight line, f/p - gnoll
Aim: a gnoll, wielding a halberd (moderately wounded, chance to defeat MR: 48%)
You miscast Ensorcelled Hibernation.
Nothing appears to happen.
The gnoll misses you.
The gnoll shouts!
You hear a shout!
The gnoll shouts!
The gnoll closely misses you.
As you read the scroll labeled KUCYOSTIANK, it crumbles to dust.
You feel blessed for a moment.
It was a scroll of remove curse.
The gnoll hits you from afar with a spear.
* * * LOW HITPOINT WARNING * * *
It was a potion of agility.
You feel agile all of a sudden.
The gnoll hits you from afar with a halberd.
You die...

.... #..#.##.#
..## #..#..#g#
..#
####.†##.#.####
.#
#.....#..#....#
.#
#.#...#..#.?#
#.#...#..†..#
#g#..g.....##
#.###.g....#
#.@.g.##......#
###############


You could see 3 gnolls.

Vanquished Creatures
  A gnoll (D:1)
  An adder (D:2)
  2 dart slugs (D:1)
  2 bats (D:2)
  A giant cockroach (D:1)
  3 goblins (D:1)
  4 hobgoblins
  8 jackals
  2 kobolds
  A frilled lizard (D:2)
  3 rats (D:2)
28 creatures vanquished.

Notes
Turn   | Place    | Note
-------+----------+-------------------------------------------
     0 | D:1      | Patate the Spriggan Enchanter began the quest for the Orb.
     0 | D:1      | Reached XP level 1. HP: 9/9 MP: 5/5
   189 | D:1      | Reached skill level 5 in Stealth
   189 | D:1      | Reached XP level 2. HP: 13/13 MP: 6/6
   193 | D:1      | Learned a level 2 spell: Ensorcelled Hibernation
   773 | D:2      | Found a basalt altar of Yredelemnul.
   773 | D:2      | Found a glowing silver altar of Zin.
   773 | D:2      | Found a glowing golden altar of the Shining One.
   774 | D:2      | Reached XP level 3. HP: 16/16 MP: 8/8
  1077 | D:2      | Learned a level 3 spell: Confuse
  1229 | D:2      | Reached skill level 6 in Stealth
  1621 | D:2      | Slain by a gnoll

Vault maps used:
D:1:      mrwooster_arrival_statue_2
D:2:      grunt_temple_overflow_open

Skill      XL: |  1  2  3 |
---------------+----------+-----
Stealth        | 5 6 |  6.1
Dodging        | 4 |  4.0
Short Blades   | |  1.8
Spellcasting   | |  2.6
Hexes          | |  3.6

Action                   || total
-------------------------++-------
Melee: Dagger            ||   114
 Cast: Ensorcelled Hiber ||    12
  Use: Scroll            ||     1
       Potion            ||     1
 Stab: Sleeping          ||    16
Armor: Robe              ||    12
Dodge: Dodged            ||    99
